 Dungeon Crawl Stone Soup version 0.20.1-1-g8b1a95d (console) character file.

4809 Kloppie the Carver (level 10, -1/74 HPs)
             Began as a Merfolk Gladiator on July 26, 2017.
             Was a Priest of Hepliaklqana.
             Slain by an unseen horror (8 damage)
             ... on level 10 of the Dungeon.
             The game lasted 00:13:03 (8008 turns).

Kloppie the Carver (Merfolk Gladiator)              Turns: 8008, Time: 00:13:05

Health: -1/74      AC:  7    Str: 15    XL:     10   Next: 48%
Magic:  10/10      EV: 20    Int:  8    God:    Hepliaklqana [***...]
Gold:   642        SH:  0    Dex: 21    Spells: 9/9 levels left

rFire    + . .     SeeInvis .   a - +2 long sword
rCold    + . .     Gourm    .   (no shield)
rNeg     . . .     Faith    .   i - +1 leather armour of Focus {MR+ Str-4 Dex+3 Stlth+}
rPois    +         Spirit   .   c - +1 helmet
rElec    +         Reflect  .   (no cloak)
rCorr    +         Harm     .   e - +0 pair of gloves
MR       +....                  (no boots)
Stlth    +++.......             m - amulet of regeneration
Regen    0.7/turn               r - +4 ring of strength
MPRegen  0.2/turn               t - ring of wizardry

@: resistant
A: change form in water, swift swim, stealthy swim, reduced essence
a: Recall Ancestor, Ancestor Identity, Transference, Renounce Religion


You were on level 10 of the Dungeon.
You worshipped Hepliaklqana.
Hepliaklqana was most pleased with you.
You were not hungry.

You visited 1 branch of the dungeon, and saw 10 of its levels.
You also visited: Sewer.

You collected 642 gold pieces.

Inventory:

Hand Weapons
 a - a +2 long sword (weapon)
 b - a +0 rapier
Missiles
 p - 2 throwing nets (quivered)
Armour
 c - a +1 helmet (worn)
 e - a +0 pair of gloves (worn)
 i - the +1 leather armour of Focus (worn) {MR+ Str-4 Dex+3 Stlth+}
   (You found it on level 4 of the Dungeon)

   It affects your strength (-4).
   It affects your dexterity (+3).
   It affects your resistance to hostile enchantments.
   It makes you more stealthy.
Jewellery
 m - an amulet of regeneration (around neck)
 r - a +4 ring of strength (left hand)
 t - a ring of wizardry (right hand)
 B - a +4 amulet of reflection {unknown}
 J - an uncursed ring of poison resistance {unknown}
Wands
 F - a wand of confusion (21/48)
 G - a wand of acid (4/15)
 H - a wand of confusion (21/48)
 I - a wand of paralysis (12/24)
 K - a wand of clouds (6/9)
Scrolls
 k - 10 scrolls of teleportation
 n - 2 scrolls of fog
 s - 2 scrolls of enchant weapon
 u - 3 scrolls of fear
 y - a scroll of blinking
 D - 3 scrolls of remove curse
 E - 3 scrolls of enchant armour
Potions
 d - a potion of berserk rage
 g - a potion of curing
 h - 4 potions of ambrosia
 j - a potion of agility
 l - 2 potions of invisibility
 o - 2 potions of might
 q - 2 potions of mutation
 v - 6 potions of flight
 w - a potion of resistance
 x - a potion of heal wounds {unknown}
 C - 2 potions of brilliance {unknown}
Comestibles
 f - 9 bread rations
 z - 6 meat rations
 A - 14 fruits
 L - 8 chunks of flesh


   Skills:
 - Level 9.6 Fighting
 + Level 11.9 Long Blades
 - Level 2.0 Throwing
 + Level 9.4 Dodging


You had 9 spell levels left.
You didn't know any spells.

Dungeon Overview and Level Annotations

Branches:
Dungeon (10/15)            Temple (0/1) D:7            Lair (0/6) D:8
    Orc: D:9-12

Altars:
Fedhas
Hepliaklqana
Kikubaaqudgha
Nemelex Xobeh
Qazlal
Ru
Sif Muna
Uskayaw
Zin
The Shining One

Shops:
D:10 ?


Message History

Something completely misses you.
Yayatum hits something with a flail.
The bullfrog hits you.
* * * LOW HITPOINT WARNING * * *
Something hits you.
* * * LOW HITPOINT WARNING * * *
The bullfrog completely misses you.
Okay, then.
You slash the bullfrog!
The bullfrog is heavily wounded.
Something hits you.
* * * LOW HITPOINT WARNING * * *
The bullfrog closely misses you.
You riposte.
You closely miss the bullfrog.
The bullfrog is heavily wounded.
You barely miss the bullfrog.
The bullfrog is heavily wounded.
The bullfrog hits you but does no damage.
It was a potion of resistance.
You feel protected. Something hits you!
You die...

#### . #### ####...## .#
#.. ........####.###
#.#######...........<.
####...........R$##...##.
.....# #.##....#.##..#
####.# #.#####.F.# ...
####.## ##.## #@#.# .
..♣)).###...####.##..
♣.∩.♣).>.........# #.#
##♣....##...###..# .#
##.#.##...###..# #
#.............#
###.##...###.## #.###.##
#.# ######.# #.# #..


You could see the friendly Yayatum the knight and a bullfrog.

Vanquished Creatures
  2 dream sheep (D:8)
  Sigmund (D:2)
  2 wyverns
  2 yaks (D:8)
  A hungry ghost (D:8)
  Grum (D:9)
  A water moccasin (D:8)
  An ice beast (D:10)
  A sky beast (D:7)
  5 ogres
  2 wolves (D:9)
  2 centaurs
  2 big kobolds (D:8)
  A gnoll sergeant (D:10)
  2 bullfrogs
  2 scorpions (D:5)
  A howler monkey (D:6)
  3 crimson imps
  2 bullfrog zombies
  The ghost of spelk the Caller, a weakling TeSu (D:3)
  3 hounds
  A jelly (D:9)
  3 quasits
  2 orc priests
  A centaur skeleton (D:5)
  4 orc wizards
  5 worker ants
  A howler monkey zombie (D:6)
  8 gnolls
  2 howler monkey skeletons
  9 adders
  2 shadow imps
  8 oozes
  2 adder skeletons
  5 worms
  3 dart slugs (D:1)
  9 leopard geckos
  14 orcs
  16 bats
  8 giant cockroaches
  12 goblins
  7 hobgoblins
  14 jackals
  11 kobolds
  2 quokkas
  7 ball pythons
  3 frilled lizards
  A goblin skeleton (D:8)
  2 hobgoblin zombies (D:8)
  A kobold skeleton (D:8)
  A kobold zombie (D:8)
  An orc skeleton (D:8)
  2 orc zombies (D:8)
  7 rats
212 creatures vanquished.

Vanquished Creatures (collateral kills)
  2 sky beasts
  2 ogres
  A phantom (D:4)
  A big kobold (D:8)
  A bullfrog (D:7)
  2 crimson imps
  A hound (D:8)
  An orc priest (D:7)
  An orc wizard (D:4)
  2 worker ants
  2 gnolls (D:7)
  An adder zombie (D:5)
  4 orcs
  2 kobolds (D:8)
  A goblin skeleton (D:8)
  3 kobold zombies (D:8)
  An orc zombie (D:8)
28 creatures vanquished.

Grand Total: 240 creatures vanquished

Notes
Turn   | Place    | Note
-------+----------+-------------------------------------------
     0 | D:1      | Kloppie the Merfolk Gladiator began the quest for the Orb.
     0 | D:1      | Reached XP level 1. HP: 16/16 MP: 1/1
   126 | D:1      | Reached XP level 2. HP: 23/23 MP: 2/2
   394 | D:1      | Reached XP level 3. HP: 29/29 MP: 3/3
   739 | D:1      | Reached skill level 4 in Long Blades
  1208 | D:2      | Noticed Sigmund
  1228 | D:2      | Killed Sigmund
  1228 | D:2      | Reached skill level 5 in Long Blades
  1228 | D:2      | Reached XP level 4. HP: 8/38 MP: 4/4
  1228 | D:2      | Reached XP level 5. HP: 9/43 MP: 5/5
  1596 | D:2      | Reached XP level 6. HP: 13/50 MP: 6/6
  1683 | D:2      | Reached skill level 5 in Fighting
  2048 | D:2      | Found a faded altar of an unknown god.
  2293 | D:3      | Found a glowing drain.
  2326 | Sewer    | Entered a sewer
  2975 | D:3      | Noticed spelk's ghost (weakling TeSu)
  2988 | D:3      | Killed spelk's ghost
  3035 | D:3      | Reached skill level 6 in Long Blades
  3089 | D:3      | Found a blossoming altar of Fedhas.
  3301 | D:3      | Reached skill level 5 in Dodging
  3582 | D:4      | Got a brightly glowing leather armour
  3644 | D:4      | Found a hazy altar of Hepliaklqana.
  3683 | D:4      | Became a worshipper of Hepliaklqana the Forgotten
  3722 | D:4      | Reached XP level 7. HP: 50/50 MP: 7/7
  3830 | D:4      | Identified the +1 leather armour of Focus {MR+ Str-4 Dex+3 Stlth+} (You found it on level 4 of the Dungeon)
  4113 | D:4      | Reached * piety under Hepliaklqana
  4347 | D:4      | Found a stormy altar of Qazlal.
  4352 | D:4      | Found a hide-covered altar of Uskayaw.
  4374 | D:4      | Found an ancient bone altar of Kikubaaqudgha.
  4377 | D:4      | Found a deep blue altar of Sif Muna.
  4544 | D:5      | Entered Level 5 of the Dungeon
  4556 | D:5      | Reached skill level 7 in Long Blades
  4633 | D:5      | Reached XP level 8. HP: 55/55 MP: 8/8
  4867 | D:5      | Reached skill level 8 in Long Blades
  4931 | D:5      | Found a sparkling altar of Nemelex Xobeh.
  5347 | D:6      | Reached ** piety under Hepliaklqana
  5348 | D:6      | Remembered your ancestor Yayatum as a knight
  5440 | D:6      | Found a glowing golden altar of the Shining One.
  5843 | D:7      | Reached skill level 9 in Long Blades
  6046 | D:7      | Reached XP level 9. HP: 30/63 MP: 9/9
  6227 | D:7      | Found a staircase to the Ecumenical Temple.
  6583 | D:8      | Found a glowing golden altar of the Shining One.
  6838 | D:8      | Reached skill level 10 in Long Blades
  6868 | D:8      | Reached *** piety under Hepliaklqana
  6938 | D:8      | Found a staircase to the Lair.
  7044 | D:8      | Reached skill level 11 in Long Blades
  7044 | D:8      | Reached XP level 10. HP: 13/74 MP: 10/10
  7414 | D:9      | Found a glowing silver altar of Zin.
  7415 | D:9      | Found a sacrificial altar of Ru.
  7472 | D:9      | Noticed Grum
  7490 | D:9      | Killed Grum
  7762 | D:10     | Entered Level 10 of the Dungeon
  7939 | D:10     | Found Kana's Magic Scroll Boutique.
  8008 | D:10     | Slain by an unseen horror

Skill      XL: |  1  2  3  4  5  6  7  8  9 10 |
---------------+-------------------------------+-----
Fighting       | 3 4 5 6 9 |  9.6
Long Blades    | 5 6 7 9 11 | 11.9
Dodging        | 5 7 8 9 |  9.4
Throwing       | |  2.0

Action                   |  1- 3 |  4- 6 |  7- 9 | 10-12 || total
-------------------------+-------+-------+-------+-------++-------
Melee: Long sword        |    97 |   216 |   318 |    95 ||   726
       Tailslap          |       |     2 |       |       ||     2
Throw: Throwing net      |     3 |     2 |     1 |       ||     6
Invok: Ancestor Life: Kn |       |       |     1 |       ||     1
       Recall Ancestor   |       |       |       |     1 ||     1
  Use: Scroll            |       |    10 |    11 |     2 ||    23
       Potion            |       |       |     1 |     1 ||     2
 Stab: Sleeping          |     1 |     4 |     3 |     2 ||    10
       Held in net/web   |     1 |       |     2 |       ||     3
       Distracted        |       |       |     3 |       ||     3
  Eat: Chunk             |     1 |     8 |    12 |     1 ||    22
       Meat ration       |       |       |       |     1 ||     1
Armor: Leather armour    |    24 |    52 |    65 |    20 ||   161
Dodge: Dodged            |    67 |   208 |   230 |    79 ||   584
       Rpst.: Long sword |    20 |    48 |    68 |    22 ||   158
